 Dungeon Crawl Stone Soup version 0.30.0-29-ga12c61a403 (webtiles) character file.

Game seed: 5409373353161920791

1304 Fodor the Covered (level 8, -14/70 HPs)
             Began as a Minotaur Fighter on June 8, 2023.
             Killed from afar by an electric eel (16 damage)
             ... with a bolt of electricity
             ... on level 6 of the Dungeon.
             The game lasted 00:31:49 (5413 turns).

Fodor the Covered (Minotaur Fighter)                Turns: 5413, Time: 00:31:49

Health: -14/70     AC: 12    Str: 22    XL:     8   Next: 31%
Magic:  7/7        EV: 12    Int:  5    God:
Gold:   269        SH:  5    Dex: 15    Spells: 7/7 levels left

rFire   + . .        v - +2 short sword (venom)
rCold   . . .        c - +0 buckler
rNeg    + + +        r - +1 ring mail {rF+}
rPois   .            E - +0 hat
rElec   .            n - +2 cloak of the Hidden Vale {rN++ Dex+4 Stlth+}
rCorr   .            (no gloves)
SInv    .            u - +0 pair of boots
Will    .....        (no amulet)
Stlth   +++          x - ring of positive energy
HPRegen 0.31/turn    (no ring)
MPRegen 0.10/turn

%: no passive effects
@: no status effects
A: horns 2, retaliatory headbutt
a: no special abilities


You were on level 6 of the Dungeon.
You visited 1 branch of the dungeon, and saw 6 of its levels.

You collected 269 gold pieces.

Inventory:

Hand Weapons
 a - a +0 long sword
 v - a +2 short sword of venom (weapon)
 D - a +1 mace of holy wrath
Missiles
 f - 4 atropa-tipped darts (quivered)
 h - 46 stones
 k - 15 poisoned darts
Armour
 b - a +0 scale mail
 c - a +0 buckler (worn)
 n - the +2 cloak of the Hidden Vale (worn) {rN++ Dex+4 Stlth+}
   (You found it on level 3 of the Dungeon)

   Dex:       It affects your dexterity (+4).
   rN:        It greatly protects you from negative energy.
   Stlth:     It makes you more stealthy.
 r - a +1 ring mail of fire resistance (worn)
 u - a +0 pair of boots (worn)
 E - a +0 hat (worn)
Jewellery
 j - an amulet of magic regeneration
 x - a ring of positive energy (left hand)
Wands
 t - a wand of charming (7)
 G - a wand of flame (27)
Scrolls
 e - 2 scrolls of vulnerability
 g - 2 scrolls of amnesia
 l - a scroll of summoning
 p - 3 scrolls of immolation
 y - a scroll of poison
 z - a scroll of torment {unknown}
 A - a scroll of brand weapon {unknown}
 B - a scroll of teleportation {unknown}
 C - a scroll of enchant armour {unknown}
Potions
 d - 4 potions of might
 i - 3 potions of cancellation {unknown}
 m - a potion of mutation {unknown}
 o - a potion of ambrosia {unknown}
 q - 2 potions of berserk rage {unknown}
 s - a potion of degeneration {unknown}
 w - a potion of brilliance {unknown}
 F - a potion of curing {unknown}


   Skills:
 + Level 6.1 Fighting
 + Level 3.9(5.1) Short Blades
 + Level 5.4(6.2) Long Blades
 + Level 0.9 Throwing
 + Level 6.6 Armour
 + Level 3.2 Dodging
 + Level 2.6 Stealth
 + Level 5.1 Shields


You had 7 spell levels left.
You didn't know any spells.
Your spell library contained the following spells:

 Spells                   Type           Power      Damage    Failure   Level
 Blink                    Tloc           0%         N/A       83%         2
 Cigotuvi's Dreadful Rot  Necr/Pois/Air  0%         N/A       83%         2
 Lesser Beckoning         Tloc           0%         N/A       83%         2
 Momentum Strike          Conj/Tloc      0%         3d8       83%         2
 Dispel Undead            Necr           0%         3d6       100%        4
 Death Channel            Necr           0%         N/A       100%        6


Dungeon Overview and Level Annotations

Branches:
Dungeon (6/15)
 Temple: D:4-7

Altars:
Xom

Shops:
D:2 :


Innate Abilities, Weirdness & Mutations

You have a pair of horns on your head.
You reflexively headbutt those who attack you in melee.


Message History

There are no items here.
You open the door.
The electric eel shoots out a bolt of lightning at you!
The bolt of electricity hits you.
There is an open door here.
The electric eel shoots out a bolt of lightning at you!
The bolt of electricity hits you!
The electric eel shoots out a bolt of lightning at you!
The bolt of electricity hits you!
The bolt of electricity hits the electric eel.
The electric eel completely resists.
The electric eel shoots out a bolt of lightning at you!
The bolt of electricity hits the electric eel.
The electric eel completely resists.
The bolt of electricity misses you.
The electric eel shoots out a bolt of lightning at you!
The bolt of electricity hits you.
The electric eel shoots out a bolt of lightning at you!
The bolt of electricity hits you!
The electric eel shoots out a bolt of lightning at you!
The bolt of electricity hits you.
The electric eel shoots out a bolt of lightning at you!
The bolt of electricity hits you.
The bolt of electricity hits the electric eel.
The electric eel completely resists.
The electric eel shoots out a bolt of lightning at you!
The bolt of electricity misses you.
The electric eel shoots out a bolt of lightning at you!
The bolt of electricity hits you! The bolt of electricity misses you.
There is an open door here.
The electric eel shoots out a bolt of lightning at you!
The bolt of electricity hits you!
* * * LOW HITPOINT WARNING * * *
The electric eel shoots out a bolt of lightning at you!
The bolt of electricity hits you.
* * * LOW HITPOINT WARNING * * *
The bolt of electricity hits you!
* * * LOW HITPOINT WARNING * * *
The electric eel shoots out a bolt of lightning at you!
The bolt of electricity hits you!
You die...

.#....###
........#
........#
.......<##
###......####
#....©....##.
#.#######.<..#
#.#8.©.8#.####
#.#P@..P#.#
#.###'###.#
###.#~...S#.#
....#S...~#.#
o..#.#~~S~~#...#
.. #.#~~⌠~~#...#
.....#~P~~~#...#
.##.#~~~~~#.##.
...#~P~~~#.#


You could see 3 electric eels and an orc (asleep).

Vanquished Creatures
  Eustachio (D:5)
  Duvessa (D:5)
  A black bear (D:5)
  2 ogres (D:5)
  A phantom (D:5)
  3 scorpions (D:5)
  Dowan (D:5)
  3 hounds
  An orc priest (D:5)
  5 iguanas
  Natasha (thrice) (D:2)
  An orc wizard (D:5)
  Robin (D:2)
  6 adders
  An ufetubus (D:4)
  2 dart slugs (D:3)
  5 orcs
  6 bats
  8 endoplasms
  5 giant cockroaches
  14 goblins
  6 hobgoblins
  A quokka (D:3)
  12 ball pythons
  9 kobolds
  3 rats
102 creatures vanquished.

Notes
Turn   | Place    | Note
-------+----------+-------------------------------------------
     0 | D:1      | Fodor the Minotaur Fighter began the quest for the Orb.
     0 | D:1      | Reached XP level 1. HP: 19/19 MP: 0/0
   327 | D:1      | Reached XP level 2. HP: 27/27 MP: 1/1
  1282 | D:2      | Reached XP level 3. HP: 33/33 MP: 2/2
  1359 | D:2      | Noticed Robin
  1374 | D:2      | Killed Robin
  1734 | D:2      | Found Jeot's Book Boutique.
  1978 | D:2      | Noticed Natasha
  1986 | D:2      | Killed Natasha
  1987 | D:2      | Reached XP level 4. HP: 23/41 MP: 3/3
  2180 | D:2      | Noticed Natasha
  2184 | D:2      | Killed Natasha
  2287 | D:2      | Noticed Natasha
  2298 | D:2      | Killed Natasha
  2299 | D:2      | Reached skill level 1 in Dodging
  2415 | D:3      | Reached skill level 5 in Armour
  2415 | D:3      | Reached XP level 5. HP: 36/47 MP: 4/4
  3334 | D:3      | Identified the +2 cloak of the Hidden Vale {rN++ Dex+4
                  | Stlth+}
  3339 | D:3      | Found a shimmering altar of Xom.
  3500 | D:4      | Reached XP level 6. HP: 53/55 MP: 5/5
  4019 | D:5      | Entered Level 5 of the Dungeon
  4025 | D:5      | Noticed Eustachio
  4043 | D:5      | Killed Eustachio
  4044 | D:5      | Reached skill level 5 in Fighting
  4044 | D:5      | Reached skill level 1 in Short Blades
  4110 | D:5      | Noticed Dowan
  4111 | D:5      | Noticed Duvessa
  4121 | D:5      | Killed Duvessa
  4122 | D:5      | Reached skill level 5 in Long Blades
  4122 | D:5      | Reached skill level 1 in Stealth
  4122 | D:5      | Reached XP level 7. HP: 55/61 MP: 6/6
  4129 | D:5      | Killed Dowan
  4799 | D:5      | Reached XP level 8. HP: 70/70 MP: 7/7
  4896 | D:5      | Reached skill level 5 in Shields
  5398 | D:6      | Found a transporter.
  5412 | D:6      | HP: 1/70 [electric eel/bolt of electricity (8)]
  5413 | D:6      | Killed from afar by an electric eel

Illustrated notes

Levels and vault maps discovered:
D:1:      beargit_arrival_diablo_church, layout_loops_corners, serial_forest,
          infiniplex_forest_clump_small, infiniplex_forest_end_3,
          infiniplex_forest_lined_3, infiniplex_forest_clump_medium,
          infiniplex_forest_clump_small, infiniplex_forest_straight_2,
          infiniplex_forest_straight_4, infiniplex_forest_lined_room_2,
          serial_park_tiny_1
D:2:      layout_basic, serial_shops, shop, uniq_robin, uniq_natasha
D:3:      minmay_chambers_of_threes, layout_basic, tgw_xom,
          hangedman_abyss_or_decor_lesser_grid
D:4:      layout_layer_cave, minmay_misc_feat_square
D:5:      layout_loops_corners, uniq_duvessa, uniq_eustachio
D:6:      gammafunk_steamed_eel, layout_layer_cave, serial_glass,
          glass_columns_a, glass_columns_b, serial_shops,
          nicolae_shop_real_fake_doors

Skill      XL: |  1  2  3  4  5  6  7  8 |
---------------+-------------------------+-----
Armour         | 4 5 6 |  6.6
Fighting       | 4 5 6 |  6.1
Long Blades    | 3 4 5 |  5.4
Shields        | 4 5 |  5.1
Dodging        | 1 2 3 |  3.2
Short Blades   | 1 3 |  3.9
Stealth        | 1 2 |  2.6
Throwing       | |  0.9

Action                     |  1- 3 |  4- 6 |  7- 9 || total
---------------------------+-------+-------+-------++-------
  Melee: Long sword        |    76 |    88 |       ||   164
         Headbutt          |    14 |    23 |    18 ||    55
         Short sword       |       |    38 |    70 ||   108
  Throw: Dart              |     2 |     5 |       ||     7
    Use: Scroll            |       |     5 |       ||     5
   Stab: Sleeping          |       |     2 |     3 ||     5
 Armour: Scale mail        |    40 |    50 |       ||    90
         Ring mail         |       |    29 |    20 ||    49
  Dodge: Dodged            |    45 |    53 |    39 ||   137
  Block: Buckler           |    15 |    32 |    12 ||    59
